Map: Port Aleksander LE

Players

SpaceMarine - Winner!

  • Race: Protoss Protoss
  • Spawn Location: 5:00

Crow

  • Race: Zerg Zerg
  • Spawn Location: 11:00

Event: IEM Season 13: Katowice (2019)

VOD

Have the link to the VOD?

Description

Time

  • Played on: Feb. 26, 2019, 5:41 a.m.
  • Length: 8:57

All games in this series

Show
View Real Time Build Order
Export as new Build Order

SpaceMarine Protoss - Winner!

Build Orders: 1 Gate Expand, Archon Immortal 

Get SALT Encoding   

  12  0:00  Probe  
  13  0:13  Probe  
  14  0:20  Pylon  
  14  0:25  Probe  
  15  0:34  Probe  
  15  0:39  Gateway  
  15  0:42  Probe  
  16  0:48  Assimilator  
  17  0:52  Probe  
  18  1:05  Probe  
  19  1:17  Probe  
  20  1:26  Nexus  
  20  1:36  Cybernetics Core  
  20  1:38  Probe  
  21  1:45  Assimilator  
  21  1:50  Probe  
  21  1:53  Pylon  
  22  2:00  Probe  
  22  2:02  Adept  
  22  2:08  Probe  
  23  2:13  Warp Gate  
  26  2:16  Probe  
  27  2:23  Twilight Council  
  27  2:28  Probe  
  28  2:32  Adept  
  28  2:34  Probe  
  30  2:40  Probe  
  30  2:42  Probe  
  33  2:52  Probe  
  33  2:53  Probe  
  35  2:59  Resonating Glaives  
  35  3:04  Sentry, Probe  
  35  3:05  Probe  
  39  3:12  Gateway  
  39  3:16  Probe  
  39  3:19  Probe  
  41  3:28  Probe  
  41  3:32  Probe  
  41  3:36  Gateway, Probe  
  41  3:38  Assimilator  
  41  3:39  Pylon  
  42  3:41  Assimilator  
  42  3:44  Probe  
  42  3:45  Probe  
  42  3:48  Pylon  
  43  3:53  Robotics Facility  
  44  3:56  Probe x2  
  44  4:01  Adept  
  48  4:06  Adept  
  48  4:08  Probe  
  48  4:09  Probe  
  52  4:15  Gateway  
  52  4:17  Dark Shrine  
  52  4:21  Probe x2  
  54  4:29  Warp Prism  
  54  4:31  Adept x2, Pylon  
  56  4:32  Adept  
  56  4:35  Pylon  
  62  4:49  Charge  
  62  4:52  Forge  
  62  4:58  Observer  
  62  5:08  Adept  
  64  5:15  Probe  
  64  5:16  Protoss Ground Weapons Level 1, Probe  
  64  5:20  Immortal  
  68  5:31  Dark Templar  
  68  5:32  Dark Templar x2  
  74  5:43  Probe x2  
  76  5:55  Probe  
  77  5:57  Probe  
  77  6:00  Immortal  
  76  6:05  Pylon  
  76  6:07  Pylon  
  70  6:18  Zealot x2  
  72  6:19  Zealot  
  72  6:20  Zealot  
  72  6:23  Probe x2  
  72  6:24  Gateway  
  80  6:26  Gateway  
  80  6:29  Immortal  
  80  6:35  Probe x2  
  80  6:39  Nexus  
  86  6:46  Dark Templar x2  
  86  6:47  Dark Templar  
  92  6:48  Sentry  
  92  6:52  Pylon  
  94  6:54  Pylon, Archon x2  
  94  7:02  Pylon  
  94  7:10  Probe x2  
  100  7:16  Gateway  
  100  7:19  Gateway  
  102  7:22  Probe x2  
  102  7:33  Immortal, Zealot x5  
  102  7:35  Probe x2  
  114  7:49  Gateway  
  114  7:50  Gateway  
  114  7:54  Dark Templar  
  114  7:55  Dark Templar x2  
  114  7:58  Dark Templar  
  122  7:59  Archon  
  122  8:00  Archon  
  122  8:01  Dark Templar  
  122  8:05  Archon  
  124  8:06  Zealot  
  126  8:14  Assimilator  
  126  8:15  Assimilator  
  126  8:16  Pylon  
  126  8:17  Pylon  
  126  8:26  Zealot x3  
  118  8:46  Zealot x2  
  118  8:47  Zealot x8  
Show
View Real Time Build Order
Export as new Build Order

Crow Zerg 

Build Orders: Hatch First 

Get SALT Encoding   

  12  0:00  Drone  
  13  0:12  Overlord  
  13  0:18  Drone  
  14  0:31  Drone x2  
  16  0:49  Hatchery  
  15  0:52  Drone  
  15  0:57  Drone  
  17  1:00  Drone  
  18  1:11  Extractor  
  17  1:16  Spawning Pool  
  17  1:18  Drone  
  17  1:23  Drone  
  18  1:29  Drone  
  20  1:40  Drone  
  20  1:49  Overlord  
  20  2:03  Queen x2  
  20  2:05  Zergling x4  
  26  2:11  Metabolic Boost  
  26  2:13  Drone  
  27  2:17  Drone  
  28  2:23  Drone x2  
  30  2:39  Hatchery  
  30  2:42  Drone x2  
  31  2:48  Overlord  
  31  2:54  Queen  
  33  2:59  Drone x2  
  33  3:02  Drone  
  36  3:11  Drone x2  
  36  3:12  Drone x2  
  40  3:24  Drone  
  40  3:25  Drone x3  
  44  3:27  Spore Crawler  
  44  3:28  Spore Crawler  
  44  3:30  Drone x2  
  46  3:35  Spore Crawler  
  46  3:36  Overlord  
  46  3:39  Roach Warren  
  44  3:43  Overlord  
  44  3:49  Lair, Extractor  
  44  3:51  Extractor, Drone  
  44  3:54  Drone x2  
  45  3:57  Drone  
  45  4:00  Drone x2  
  48  4:05  Drone x2  
  49  4:10  Drone x3  
  49  4:16  Overlord  
  52  4:18  Zergling x2  
  52  4:19  Zergling x4  
  52  4:22  Roach  
  52  4:23  Roach  
  59  4:25  Roach  
  59  4:28  Roach  
  62  4:31  Overlord  
  62  4:36  Roach x2  
  62  4:38  Roach  
  68  4:43  Roach  
  72  4:45  Roach  
  72  4:46  Zergling x2  
  72  4:48  Overseer  
  72  4:49  Glial Reconstitution  
  72  4:52  Drone  
  74  4:53  Evolution Chamber  
  74  4:55  Overlord  
  74  4:58  Overlord  
  73  5:04  Drone x3  
  76  5:08  Overlord  
  76  5:13  Drone x4  
  80  5:19  Overlord  
  80  5:24  Zerg Missile Weapons Level 1  
  80  5:25  Overlord  
  80  5:29  Hydralisk Den  
  80  5:31  Drone x4  
  80  5:32  Drone  
  84  5:37  Extractor  
  84  5:38  Overlord  
  84  5:40  Extractor  
  84  5:41  Roach x2  
  84  5:42  Roach  
  88  5:47  Spine Crawler  
  86  5:51  Roach  
  86  5:52  Roach x3  
  86  5:56  Overseer  
  89  6:00  Overseer  
  87  6:06  Roach  
  85  6:21  Drone x5  
  90  6:32  Drone x4  
  93  6:33  Overlord  
  93  6:38  Overlord  
  93  6:43  Drone x2  
  93  6:44  Hydralisk Den  
  94  6:52  Overlord  
  94  6:57  Overlord  
  94  6:58  Drone  
  94  6:59  Drone x3  
  98  7:04  Overlord  
  98  7:11  Overlord  
  98  7:13  Hydralisk x4  
  106  7:16  Muscular Augments  
  106  7:21  Hydralisk  
  106  7:22  Hydralisk  
  109  7:28  Hydralisk x2  
  111  7:32  Hydralisk  
  111  7:33  Hydralisk  
  111  7:36  Drone  
  116  7:37  Drone  
  116  7:45  Roach  
  116  7:46  Roach x2  
  122  7:52  Overlord  
  122  7:53  Roach x2  
  122  7:57  Roach x2  
  122  7:58  Roach  
  132  8:07  Roach x4  
  140  8:14  Hydralisk  
  140  8:19  Hydralisk  
  142  8:21  Overlord  
  142  8:24  Hydralisk  
  146  8:32  Spine Crawler  
  145  8:35  Roach x7  

Tags
 
Add a new tag
Caveats
  • Supply blocks, unpowered buildings, or Contaminate may cause inaccurate times.
  • Supply counts are checked every 10 seconds.